 Dungeon Crawl Stone Soup version 0.27.1-3-gb3d3a73c9e (webtiles) character file.

Game seed: 4860086374280210201

39 raph the Stinger (level 3, -1/20 HPs)
             Began as a Deep Elf Venom Mage on Oct 28, 2021.
             Slain by Sigmund (10 damage)
             ... on level 2 of the Dungeon.
             The game lasted 00:03:27 (1817 turns).

raph the Stinger (Deep Elf Venom Mage)              Turns: 1817, Time: 00:03:27

Health: -1/20      AC:  2    Str:  5    XL:     3   Next: 28%
Magic:  2/9        EV: 12    Int: 20    God:
Gold:   45         SH:  0    Dex: 15    Spells: 2/8 levels left

rFire    . . .     SeeInvis .   b - +0 short sword
rCold    . . .     Faith    .   (no shield)
rNeg     . . .     Spirit   .   a - +0 robe
rPois    .         Reflect  .   (no helmet)
rElec    .         Harm     .   (no cloak)
rCorr    .         Rampage  .   (no gloves)
Will     .....                  (no boots)
Stlth    ++........             (no amulet)
HPRegen  0.06/turn              (no ring)
MPRegen  0.11/turn              (no ring)

@: no status effects
A: no striking features
a: no special abilities


You were on level 2 of the Dungeon.
You visited 1 branch of the dungeon, and saw 2 of its levels.

You collected 45 gold pieces.

Inventory:

Hand Weapons
 b - a +0 short sword (weapon)
Armour
 a - a +0 robe (worn)
Wands
 h - a wand of mindburst (12)
Scrolls
 c - a scroll of amnesia {unknown}
 d - 2 scrolls of identify {unknown}
 f - a scroll of magic mapping {unknown}
 g - a scroll of fog {unknown}
Potions
 e - a potion of resistance {unknown}


   Skills:
 - Level 0.3 Fighting
 - Level 2.6 Dodging
 - Level 2.7 Stealth
 - Level 3.2 Spellcasting
 - Level 1.1 Transmutations
 + Level 4.4 Poison Magic


You had 2 spell levels left.
You knew the following spells:

 Your Spells              Type           Power      Damage    Failure   Level
a - Sting                 Tmut/Pois      56%        1d5       4%          1
b - Poisonous Vapours     Pois/Air       24%        N/A       9%          2
c - Mephitic Cloud        Conj/Pois/Air  9%         N/A       22%         3

Your spell library contained the following spells:

 Spells                   Type           Power      Damage    Failure   Level
 Slow                     Hex            3%         N/A       22%         2
 Olgreb's Toxic Radiance  Pois           20%        N/A       22%         4
 Confusing Touch          Hex            3%         N/A       38%         3
 Vampiric Draining        Necr           1%         2d6       38%         3


Dungeon Overview and Level Annotations

Branches:
Dungeon (2/15)

Altars:

Annotations:
D:2 Sigmund


Message History

Sigmund gestures at you while chanting. The magic dart hits you.
Casting: Sting (safe; 4% risk of failure)
Confirm with . or Enter, or press ? or * to list all spells.
Aiming: Poisonous Vapours (safe; 9% risk of failure)
Press: ? - help, Dir - move target, f - Sigmund
Aim: Sigmund, wielding a +0 scythe and wearing a +0 robe (fast) Poisonous vapours surround Sigmund!
Sigmund is poisoned.
Sigmund laughs darkly.
Sigmund casts a spell at you. The magic dart hits you!
Sigmund giggles. "Time to reap what you sow."
Sigmund closely misses you.
Casting: Poisonous Vapours (safe; 9% risk of failure)
Confirm with . or Enter, or press ? or * to list all spells.
Aiming: Poisonous Vapours (safe; 9% risk of failure)
Press: ? - help, Dir - move target, f/p - Sigmund
Aim: Sigmund, wielding a +0 scythe and wearing a +0 robe (moderately wounded, fast, poisoned) Poisonous vapours surround Sigmund!
Sigmund looks even sicker.
Sigmund barely misses you. The hobgoblin barely misses you.
Sigmund casts a spell.
Sigmund flickers and vanishes!
Deactivating autopickup; reactivate with Ctrl-A.
Casting: Poisonous Vapours (safe; 9% risk of failure)
Confirm with . or Enter, or press ? or * to list all spells.
Aiming: Poisonous Vapours (safe; 9% risk of failure)
Press: ? - help, Dir - move target Poisonous vapours surround something!
Casting: Poisonous Vapours (safe; 9% risk of failure)
Confirm with . or Enter, or press ? or * to list all spells.
Aiming: Poisonous Vapours (safe; 9% risk of failure)
Press: ? - help, Dir - move target Poisonous vapours surround something!
The hobgoblin barely misses you.
Casting: Poisonous Vapours (safe; 9% risk of failure)
Confirm with . or Enter, or press ? or * to list all spells.
Aiming: Poisonous Vapours (safe; 9% risk of failure)
Press: ? - help, Dir - move target Poisonous vapours surround something!
Something hits you!
Ouch! That really hurt!
You die...

... # #.### ###### .
....#. #...# #....#
......####...# #....#
.............# #....#
### #...÷...#### #..[.#
...
#.#####.######....#.....
#{#.........#.....
#g#.........#.....
#@#......####.....
#.#......####.....
#..........##.....
###......#.##.....
###....#........
########.##.########.
......†..##.#.......<
###########.#.#####..
.................


You could see a hobgoblin.

Vanquished Creatures
  An adder (D:2)
  A worm (D:2)
  2 dart slugs (D:1)
  A ball python (D:1)
  A bat (D:1)
  5 endoplasms (D:1)
  A giant cockroach (D:2)
  A goblin (D:1)
  2 quokkas (D:1)
  4 frilled lizards
  A kobold (D:1)
  4 rats
24 creatures vanquished.

Notes
Turn   | Place    | Note
-------+----------+-------------------------------------------
     0 | D:1      | raph the Deep Elf Venom Mage began the quest for the Orb.
     0 | D:1      | Reached XP level 1. HP: 10/10 MP: 6/6
   530 | D:1      | Reached XP level 2. HP: 15/15 MP: 5/8
   558 | D:1      | Learned a level 2 spell: Poisonous Vapours
   915 | D:1      | Found a faded altar of an unknown god.
  1189 | D:1      | Reached skill level 4 in Poison Magic
  1417 | D:2      | Reached XP level 3. HP: 20/20 MP: 1/9
  1421 | D:2      | Learned a level 3 spell: Mephitic Cloud
  1787 | D:2      | Noticed Sigmund
  1817 | D:2      | Slain by Sigmund

Illustrated notes

Levels and vault maps discovered:
D:1:      minmay_arrival_nine_rooms, layout_loops_ring,
          ebering_ecumenical_altar_petrified, chequers_serial_rivers_micro_d
D:2:      layout_basic, uniq_robin, uniq_sigmund

Skill      XL: |  1  2 |
---------------+-------+-----
Poison Magic   | 4 |  4.4
Fighting       | |  0.3
Dodging        | |  2.6
Stealth        | |  2.7
Spellcasting   | |  3.2
Transmutations | |  1.1

Action                   || total
-------------------------++-------
Melee: Unarmed           ||     1
       Short sword       ||    27
 Cast: Sting             ||    25
       Poisonous Vapours ||     9
 Stab: Sleeping          ||     2
Armor: Robe              ||     3
Dodge: Dodged            ||    25
